 Dungeon Sprint DCSS version 0.19-b1-4-gd8a0a2a (webtiles) character file.

1240 LORDOFBUTT the Peltast (level 8, -1/58 HPs)
             Began as a Formicid Fighter on Oct 31, 2016.
             Was an Initiate of Okawaru.
             Slain by Sonja
             ... wielding a +1 short sword of draining
              (2 damage)
             ... in the Dungeon (Sprint I: "Red Sonja").
             The game lasted 00:01:47 (1178 turns).

LORDOFBUTT the Peltast (Formicid Fighter)           Turns: 1178, Time: 00:01:48

Health: -1/58      AC:  6    Str: 26    XL:     8   Next: 78%
Magic:  8/8        EV:  9    Int:  8    God:    Okawaru [......]
Gold:   419        SH: 12    Dex: 12    Spells: 0 memorised, 7 levels left

rFire  . . .     SeeInvis +     a - +0 war axe
rCold  . . .     Gourm    .     b - +0 scale mail
rNeg   . . .     Faith    .     c - +0 shield
rPois  .         Spirit   .     (helmet unavailable)
rElec  .         Reflect  .     (no cloak)
rCorr  .         Harm     .     (no gloves)
MR     .....                    (no boots)
Stlth  ..........               (no amulet)
                                (no ring)
                                (no ring)

@: mighty, lethally poisoned (-1 -> -23), very heavily drained
A: permanent stasis, dig shafts and tunnels, four strong arms, antennae 3
a: Dig, Renounce Religion


You were in the Dungeon.
You worshipped Okawaru.
Okawaru was noncommittal.
You were not hungry.

You visited 1 branch You collected 419 gold pieces.

Inventory:

Hand Weapons
 a - a +0 war axe (weapon)
Armour
 b - a +0 scale mail (worn)
 c - a +0 shield (worn)
Wands
 e - a wand of teleportation (2/9)
Scrolls
 k - a scroll of blinking
Potions
 h - a potion of haste
 i - 2 potions of magic
 j - a potion of berserk rage


   Skills:
 - Level 3.2(0.0) Fighting
 + Level 12.8(7.5) Axes
 - Level 3.2(0.0) Armour
 + Level 15.0(9.5) Shields


You had 7 spell levels left.
You didn't know any spells.

Dungeon Overview and Level Annotations

Branches:
Dungeon (1/1)

Altars:
Cheibriados
Dithmenos
Elyvilon
Fedhas
Gozag
Hepliaklqana
Kikubaaqudgha
Makhleb
Nemelex Xobeh
Okawaru
Qazlal
Ru
Sif Muna
Trog
Uskayaw
Vehumet
Xom
Yredelemnul
Zin
The Shining One
Jiyva
Lugonu

Shops:
D ?

Annotations:
D Sonja


Innate Abilities, Weirdness & Mutations

You are under a permanent stasis effect.
You can dig through walls and to a lower floor.
Your four strong arms can wield two-handed weapons with a shield.
You have a pair of large antennae on your head. (SInv)


Message History

* * * LOW HITPOINT WARNING * * *
You feel drained. Sonja hits you but does no damage.
You feel drained. Sonja hits you but does no damage.
You feel drained.
Unknown command.
You miss Sonja.
* * * LOW HITPOINT WARNING * * *
You feel sick. You block Sonja's attack.
Sonja hits you with an uncursed short sword of draining.
* * * LOW HITPOINT WARNING * * *
You feel drained.
Sonja hits you with an uncursed short sword of draining.
* * * LOW HITPOINT WARNING * * *
You feel drained.
Unknown command.
You closely miss Sonja.
* * * LOW HITPOINT WARNING * * *
You feel very sick.
You block Sonja's attack. x2; Sonja barely misses you.
You block Sonja's attack.
Sonja hits you with an uncursed short sword of draining.
You die...

##########################
#<.#..').#..'..#__#..')..#
#..'†.#..').#..'..'..#)..#
#..#####'#####'#__####...+{{
#..####..#...#.#### #####{{
#..#__####..##K#≈§§ {
#..#_____##'#.@+§§ {
#⌠⌠#_.∩...'.((_#§§§§{
####_..__##_(#'##+## {
#_____###'#.# { #######
#.### $.$ { #$.$# { ##.## {
#+# {{


You could see Sonja.

Vanquished Creatures
  2 kobold demonologists (D)
  A slime creature (D)
  Sigmund (D)
  A yak (D)
  A floating eye (D)
  An ogre (D)
  A jelly (D)
  Ijyb (D)
9 creatures vanquished.

Notes
Turn   | Place    | Note
-------+----------+-------------------------------------------
     0 | D        | LORDOFBUTT the Formicid Fighter began the quest for the Orb.
     0 | D        | Reached XP level 1. HP: 18/18 MP: 1/1
     1 | D        | Noticed Ijyb
    18 | D        | Killed Ijyb
    18 | D        | Reached skill level 6 in Shields
    18 | D        | Reached XP level 2. HP: 17/24 MP: 2/2
    18 | D        | Reached XP level 3. HP: 21/29 MP: 3/3
    21 | D        | Noticed an ogre
    27 | D        | Killed an ogre
    27 | D        | Reached skill level 8 in Shields
    27 | D        | Reached XP level 4. HP: 18/35 MP: 4/4
    27 | D        | Reached XP level 5. HP: 22/41 MP: 5/5
   180 | D        | Noticed Sigmund
   194 | D        | Killed Sigmund
   194 | D        | Reached skill level 11 in Shields
   194 | D        | Reached XP level 6. HP: 25/47 MP: 6/6
   351 | D        | Found a deep blue altar of Sif Muna.
   353 | D        | Found a radiant altar of Vehumet.
   442 | D        | Found a viscous altar of Jiyva.
   442 | D        | Found a corrupted altar of Lugonu.
   442 | D        | Noticed a slime creature
   443 | D        | Found a burning altar of Makhleb.
   443 | D        | Found a shimmering altar of Xom.
   448 | D        | HP: 2/47 [slime creature (14)]
   457 | D        | Killed a slime creature
   457 | D        | Reached skill level 10 in Axes
   457 | D        | Reached skill level 12 in Shields
   457 | D        | Reached XP level 7. HP: 21/52 MP: 7/7
   647 | D        | Found Heryurir's Magic Scroll Emporium.
   647 | D        | Found an ancient bone altar of Kikubaaqudgha.
   647 | D        | Found a stormy altar of Qazlal.
   647 | D        | Found a blossoming altar of Fedhas.
   647 | D        | Found a bloodstained altar of Trog.
   647 | D        | Found an iron altar of Okawaru.
   647 | D        | Found a glowing golden altar of the Shining One.
   647 | D        | Found a glowing silver altar of Zin.
   647 | D        | Found a white marble altar of Elyvilon.
   647 | D        | Noticed a yak
   660 | D        | Killed a yak
   660 | D        | Reached skill level 13 in Shields
   661 | D        | Found a hazy altar of Hepliaklqana.
   661 | D        | Found a hide-covered altar of Uskayaw.
   661 | D        | Found a basalt altar of Yredelemnul.
   661 | D        | Found an opulent altar of Gozag.
   661 | D        | Found a snail-covered altar of Cheibriados.
   661 | D        | Found a sacrificial altar of Ru.
   661 | D        | Found a shadowy altar of Dithmenos.
   934 | D        | Found a sparkling altar of Nemelex Xobeh.
   989 | D        | Noticed a kobold demonologist
   990 | D        | Noticed a kobold demonologist
   992 | D        | Reached XP level 8. HP: 58/58 MP: 8/8
  1005 | D        | Noticed an ice devil
  1005 | D        | Killed a kobold demonologist
  1005 | D        | Reached skill level 14 in Shields
  1014 | D        | Killed a kobold demonologist
  1014 | D        | Reached skill level 15 in Shields
  1132 | D        | Became a worshipper of Warmaster Okawaru
  1162 | D        | Noticed Sonja
  1178 | D        | HP: 1/58 [poisoned by Sonja (curare-tipped needle)]
  1178 | D        | Slain by Sonja

Skill      XL: |  1  2  3  4  5  6  7  8 |
---------------+-------------------------+-----
Axes           | 4 6 9 10 11 12 | 12.8
Shields        | 6 8 11 12 13 15 | 15.0
Fighting       | |  3.2
Armour         | |  3.2

Action                   |  1- 3 |  4- 6 |  7- 9 || total
-------------------------+-------+-------+-------++-------
Melee: War axe           |    21 |    28 |    45 ||    94
  Use: Potion            |       |     2 |     1 ||     3
  Eat: Bread ration      |       |       |     1 ||     1
Armor: Scale mail        |     5 |     3 |    10 ||    18
Dodge: Dodged            |     7 |     2 |    13 ||    22
Block: Shield            |     9 |    12 |    30 ||    51
